 Dungeon Crawl Stone Soup version 0.30-a0-272-gf98c3da03f (webtiles) character file.

Game seed: 13301886627046826458

16580 lunkers the Devastator (level 13, -1/157 HPs)
             Began as a Meteoran Wanderer on Oct 16, 2022.
             Was a Priest of Vehumet.
             Slain by a white ugly thing (16 damage)
             ... in an ice cave.
             The game lasted 00:23:21 (4965 turns).

lunkers the Devastator (Meteoran Wanderer)          Turns: 4965, Time: 00:23:22

Health: -1/157     AC: 13    Str: 12    XL:     13   Next: 6%
Magic:  10/29      EV: 16    Int: 16    God:    Vehumet [***...]
Gold:   475        SH:  6    Dex: 19    Spells: 21/34 levels left

rFire   . . .      SeeInvis .    b - +1 short sword (elec)
rCold   + . .      Faith    .    y - +2 buckler {rC+}
rNeg    . . .      Spirit   .    o - +0 steam dragon scales
rPois   .          Reflect  .    r - +1 helmet
rElec   .          Harm     .    (no cloak)
rCorr   .          Rampage  .    n - +0 pair of gloves
Will    ++...                    B - +0 pair of boots
Stlth   ..........               (no amulet)
HPRegen 0.46/turn                g - +4 ring of protection
MPRegen 0.21/turn                J - ring of willpower

@: berserking, glowing, studying Fire Magic, very quick
A: sense surroundings 2, otherworldly, glowing, explore regen
a: Renounce Religion


You were in an ice cave.
You worshipped Vehumet.
Vehumet was most pleased with you.
You visited 4 branches of the dungeon, and saw 14 of its levels.
You also visited: Ice Cave.

You collected 655 gold pieces.
You spent 180 gold pieces at shops.

Inventory:

Hand Weapons
 a - the +7 great mace "Firestarter" {inner flame, rF++}
   (You found it on level 10 of the Dungeon)

   It burns those it strikes, dealing additional fire damage.
   It fills those it strikes with an explosive inner flame.
   It grants immunity to clouds of flame.
   rF:        It greatly protects you from fire.
 b - a +1 short sword of electrocution (weapon)
 f - a -2 demon whip of venom
 h - a +2 flail of draining
 v - a +0 morningstar
 F - a +2 broad axe of electrocution
Missiles
 d - 4 throwing nets
 t - 3 datura-tipped darts
 H - 11 curare-tipped darts
Armour
 m - +0 acid dragon scales
 n - a +0 pair of gloves (worn)
 o - +0 steam dragon scales (worn)
 r - a +1 helmet (worn)
 y - a +2 buckler of cold resistance (worn)
 B - a +0 pair of boots (worn)
Jewellery
 g - a +4 ring of protection (left hand)
 J - a ring of willpower (right hand)
Wands
 x - a wand of flame (39)
 I - a wand of charming (9)
 L - a wand of light (15)
 M - a wand of polymorph (8)
Scrolls
 j - 3 scrolls of fog
 k - a scroll of immolation
 l - 4 scrolls of amnesia
 p - 4 scrolls of teleportation
 u - a scroll of fear
 A - 2 scrolls of vulnerability
 O - a scroll of enchant armour
Potions
 c - a potion of degeneration {unknown}
 e - 3 potions of attraction
 i - 10 potions of curing
 q - 2 potions of heal wounds
 s - 2 potions of brilliance
 w - 3 potions of invisibility
 z - 3 potions of ambrosia
 C - 4 potions of lignification
 E - a potion of magic
 G - a potion of mutation
 K - 3 potions of might
 N - a potion of flight


   Skills:
 + Level 7.5 Fighting
 - Level 2.2 Short Blades
 + Level 7.6 Dodging
 - Level 1.0 Stealth
 - Level 2.4 Unarmed Combat
 + Level 11.2 Spellcasting
 + Level 15.5 Conjurations
 - Level 10.0 Earth Magic
 - Level 1.2 Evocations


You had 21 spell levels left.
You knew the following spells:

 Your Spells              Type           Power      Damage    Failure   Level
a - Stone Arrow           Conj/Erth      98%        3d13      1%          3
b - Passwall              Tmut/Erth      20%        N/A       2%          2
c - Sandblast             Erth           82%        2d17      1%          1
d - Orb of Destruction    Conj           27%        9d9       4%          7

Your spell library contained the following spells:

 Spells                   Type           Power      Damage    Failure   Level
 Fulminant Prism          Conj/Hex       16%        3d11      1%          4
 Foxfire                  Conj/Fire      100%       2x1d9     1%          1
 Hailstorm                Conj/Ice       33%        3d8       1%          3
 Freeze                   Ice            36%        1d5       3%          1
 Fireball                 Conj/Fire      16%        3d8       3%          5
 Frozen Ramparts          Ice            18%        1d3       9%          3
 Animate Armour           Summ/Erth      50%        N/A       14%         4
 Leda's Liquefaction      Hex/Erth       12%        N/A       14%         4
 Starburst                Conj/Fire      16%        6d6       17%         6
 Summon Guardian Golem    Hex/Summ       9%         N/A       32%         3
 Spellforged Servitor     Conj/Summ      16%        N/A       65%         7


Dungeon Overview and Level Annotations

Branches:
Dungeon (10/15) Zot: 1191  Temple (1/1) D:5 Zot: 579    Lair (2/5) D:10 Zot: 1041
    Orc (1/2) D:10 Zot: 592   IceCv (1/1) Zot: 493
  Swamp: Lair:2-3    Shoals: Lair:2-3     Snake: Lair:2-3    Spider: Lair:2-3

Altars:
Ashenzari
Cheibriados
Dithmenos
Fedhas
Gozag
Hepliaklqana
Kikubaaqudgha
Makhleb
Nemelex Xobeh
Okawaru
Qazlal
Sif Muna
Trog
Uskayaw
Vehumet
Wu Jian
Xom
The Shining One

Shops:
D:2 [

Annotations:
D:3 Sigmund IceCv 1 transporter, exclusion: ice statue


Innate Abilities, Weirdness & Mutations

You passively map the area around you.
You are easily found by Zot.
You glow in the dark.
You regain HP and MP as you explore.


Message History

The white ugly thing freezes you! You resist.
* * * LOW HITPOINT WARNING * * *
You block the ice beast's attack.
You closely miss the white ugly thing.
The white ugly thing is heavily wounded.
Unknown command.
You closely miss the white ugly thing.
The white ugly thing is heavily wounded.
The white ugly thing bites you!
* * * LOW HITPOINT WARNING * * *
The white ugly thing freezes you! You resist.
* * * LOW HITPOINT WARNING * * *
The ice beast hits you but does no damage.
You hit the white ugly thing.
The white ugly thing is severely wounded.
The ice statue gestures at you. The bolt of cold hits you. You resist.
* * * LOW HITPOINT WARNING * * *
Unknown command.
You puncture the white ugly thing!
The white ugly thing is severely wounded.
The white ugly thing bites you but does no damage.
You block the ice beast's attack.
Unknown command.
You barely miss the white ugly thing.
The white ugly thing is severely wounded.
The ice statue gestures.
The white ugly thing bites you but does no damage.
The ice beast closely misses you.
Unknown command.
You hit the white ugly thing.
The white ugly thing is severely wounded.
The ice statue gestures.
You hit the white ugly thing.
Lightning courses through the white ugly thing!
The white ugly thing is almost dead.
The white ugly thing bites you!
* * * LOW HITPOINT WARNING * * *
The white ugly thing freezes you! You resist.
You die...

###############
#©...."?:.8..∩#
#.....?)Y..Y..#
#8.........8#*
#8...Y...8#*
#8..@u.8#
###########
##...8©8...##
#.....©.....#
##......)....##
#.............#
#....8...8....#
#.............#
##...........##


You could see an ice statue, a white ugly thing and 3 ice beasts.

Vanquished Creatures
  A salamander tyrant (D:10)
  4 two-headed ogres
  Amaemon (D:9)
  3 ugly things (D:8)
  A gargoyle (D:8)
  An orange demon (D:9)
  An ice statue (IceCv)
  A cane toad (Lair:1)
  A kobold demonologist (D:8)
  2 komodo dragons (Lair:1)
  A freezing wraith (IceCv)
  A troll (D:10)
  A hornet (D:9)
  A merfolk (D:9)
  A wraith (D:10)
  5 wyverns
  3 fire bats (D:10)
  3 fire elementals (D:10)
  12 yaks
  3 basilisks (D:10)
  A death yak simulacrum (IceCv)
  3 steam dragons
  An acid dragon (D:10)
  2 ice beasts
  7 water moccasins
  A sky beast (D:7)
  4 black bears
  3 orc warriors
  An ogre (D:5)
  6 wolves
  2 centaurs (D:8)
  A phantom (D:5)
  2 kobold brigands
  8 bullfrogs
  A gnoll sergeant (D:8)
  5 scorpions
  A cane toad simulacrum (IceCv)
  A killer bee (D:8)
  An elephant simulacrum (IceCv)
  A howler monkey (D:7)
  2 electric eels (D:6)
  3 gnoll boudas
  4 orc priests
  5 hounds
  Terence (D:3)
  3 iguanas
  Ijyb (D:5)
  6 orc wizards
  A polar bear simulacrum (IceCv)
  Robin (D:3)
  19 gnolls
  5 adders
  2 worms
  12 dart slugs
  37 orcs
  8 endoplasms
  4 giant cockroaches
  13 goblins
  6 hobgoblins
  13 kobolds
  3 quokkas
  8 ball pythons
  4 bats
  A frilled lizard (D:2)
  3 rats
264 creatures vanquished.

Vanquished Creatures (others)
  A yak (D:10)
  An ufetubus (D:5)
  An orc (D:8)
  2 fungi (D:10)
  12 plants (D:10)
17 creatures vanquished.

Grand Total: 281 creatures vanquished

Notes
Turn   | Place    | Note
-------+----------+-------------------------------------------
     0 | D:1      | lunkers the Meteoran Wanderer began the quest for the Orb.
     0 | D:1      | lunkers set off with the following items: a +0 dagger, a +0
                  | helmet, a potion of berserk rage, a +0 robe, a potion of
                  | attraction; and the following spell memorised: Sandblast;
                  | and the following spells available to memorise: Animate
                  | Armour, Leda's Liquefaction.
     0 | D:1      | Reached XP level 1. HP: 14/14 MP: 3/3
    10 | D:1      | Reached skill level 1 in Fighting
    21 | D:1      | Reached XP level 2. HP: 23/23 MP: 1/5
   217 | D:1      | Reached XP level 3. HP: 30/30 MP: 4/6
   224 | D:1      | Learned a level 2 spell: Passwall
   364 | D:2      | Found Lyicw's Antique Armour Shoppe.
   407 | D:2      | Found a shimmering altar of Xom.
   554 | D:3      | Reached XP level 4. HP: 37/37 MP: 6/8
   563 | D:3      | Noticed Robin
   631 | D:3      | Killed Robin
   679 | D:3      | Learned a level 3 spell: Stone Arrow
   840 | D:3      | Noticed Sigmund
   864 | D:2      | Reached XP level 5. HP: 35/42 MP: 7/10
  1096 | D:3      | Found a stormy altar of Qazlal.
  1146 | D:3      | Noticed Terence
  1151 | D:3      | Killed Terence
  1217 | D:3      | Reached XP level 6. HP: 49/50 MP: 8/11
  1314 | D:2      | Bought a jewelled ring mail for 180 gold pieces
  1314 | D:2      | Identified the +0 ring mail of Mukh {rElec rC- Stlth+} (You
                  | bought it in a shop on level 2 of the Dungeon)
  1455 | D:4      | Noticed a black bear
  1459 | D:4      | Killed a black bear
  1653 | D:4      | Reached XP level 7. HP: 29/56 MP: 0/12
  1657 | D:4      | Reached skill level 1 in Conjurations
  1804 | D:4      | Reached skill level 2 in Conjurations
  1839 | D:4      | Found a hazy altar of Hepliaklqana.
  1848 | D:4      | Reached skill level 1 in Short Blades
  1862 | D:5      | Entered Level 5 of the Dungeon
  1867 | D:5      | Reached skill level 3 in Conjurations
  1875 | D:5      | Reached XP level 8. HP: 54/62 MP: 4/14
  1970 | D:5      | Reached skill level 4 in Conjurations
  2205 | D:5      | Reached skill level 5 in Conjurations
  2278 | D:5      | Reached skill level 5 in Spellcasting
  2292 | D:5      | Found a shadowy altar of Dithmenos.
  2298 | D:5      | Noticed Ijyb
  2304 | D:5      | Killed Ijyb
  2305 | D:5      | Gained mutation: You passively map the area around you.
                  | [Meteoran growth]
  2305 | D:5      | Reached XP level 9. HP: 29/68 MP: 10/17
  2309 | D:5      | Reached skill level 6 in Conjurations
  2434 | D:5      | Found a staircase to the Ecumenical Temple.
  2447 | Temple   | Entered the Ecumenical Temple
  2458 | Temple   | Became a worshipper of Vehumet
  2531 | D:6      | Reached skill level 10 in Earth Magic
  2600 | D:6      | Reached skill level 7 in Conjurations
  2799 | D:7      | Reached * piety under Vehumet
  2799 | D:7      | Offered knowledge of Magic Dart by Vehumet.
  2801 | D:7      | Reached skill level 8 in Conjurations
  2867 | D:7      | Reached skill level 9 in Conjurations
  2892 | D:7      | Reached XP level 10. HP: 67/74 MP: 14/21
  2917 | D:7      | Reached skill level 10 in Conjurations
  2935 | D:7      | Found a glowing golden altar of the Shining One.
  3042 | D:8      | Noticed a white ugly thing
  3053 | D:8      | Killed a white ugly thing
  3054 | D:8      | Reached skill level 11 in Conjurations
  3481 | D:8      | Noticed a two-headed ogre
  3483 | D:8      | Killed a two-headed ogre
  3483 | D:8      | Noticed a two-headed ogre
  3484 | D:8      | Reached skill level 12 in Conjurations
  3489 | D:8      | Killed a two-headed ogre
  3490 | D:8      | Reached XP level 11. HP: 52/80 MP: 1/25
  3536 | D:8      | Reached skill level 13 in Conjurations
  3554 | D:8      | Reached skill level 10 in Spellcasting
  3606 | D:8      | Reached skill level 1 in Dodging
  3650 | D:8      | Noticed a rust devil
  3661 | D:8      | Noticed a brown ugly thing
  3677 | D:8      | Noticed a purple ugly thing
  3699 | D:8      | Killed a purple ugly thing
  3700 | D:8      | Reached skill level 14 in Conjurations
  3701 | D:8      | Noticed a two-headed ogre
  3712 | D:8      | Killed a two-headed ogre
  3723 | D:8      | Killed a purple ugly thing
  3809 | D:8      | Noticed a boulder beetle
  3809 | D:8      | Noticed a skeletal warrior
  3869 | D:9      | Noticed Amaemon
  3876 | D:9      | Killed Amaemon
  3878 | D:9      | Offered knowledge of Foxfire by Vehumet.
  3940 | D:9      | Noticed a two-headed ogre
  3944 | D:9      | Killed a two-headed ogre
  3945 | D:9      | Reached skill level 5 in Fighting
  3945 | D:9      | Reached XP level 12. HP: 94/94 MP: 21/27
  3956 | D:9      | Reached ** piety under Vehumet
  3989 | D:9      | Reached skill level 5 in Dodging
  4055 | D:9      | Found a burning altar of Makhleb.
  4215 | D:10     | Entered Level 10 of the Dungeon
  4215 | D:10     | Found a staircase to the Orcish Mines.
  4430 | Orc:1    | Entered Level 1 of the Orcish Mines
  4481 | D:10     | Noticed a salamander tyrant
  4484 | D:10     | Killed a salamander tyrant
  4485 | D:10     | Reached skill level 15 in Conjurations
  4490 | D:10     | Offered knowledge of Momentum Strike by Vehumet.
  4495 | D:10     | Found the +7 great mace "Firestarter" {inner flame, rF++}
  4623 | D:10     | Found a staircase to the Lair.
  4657 | D:10     | Reached *** piety under Vehumet
  4702 | Lair:1   | Entered Level 1 of the Lair of Beasts
  4810 | Lair:2   | Found a frozen archway.
  4833 | Lair:1   | Offered knowledge of Fulminant Prism by Vehumet.
  4856 | Lair:2   | Learned a level 7 spell: Orb of Destruction
  4857 | IceCv    | Entered an ice cave
  4860 | IceCv    | Reached XP level 13. HP: 105/105 MP: 21/29
  4879 | IceCv    | Found a transporter.
  4891 | IceCv    | Found a transporter.
  4965 | IceCv    | Slain by a white ugly thing

Illustrated notes

Levels and vault maps discovered:
D:1:      spicycebolla_arrival_ecumenical, layout_basic, minmay_tetromino_i4
D:2:      layout_basic, serial_shops, shop, basic_altar
D:3:      minmay_inner_zag, layout_basic, lemuel_crystal_altar, uniq_sigmund,
          uniq_robin, uniq_terence
D:4:      layout_loops_ring, zin_treasury, kennysheep_mini
D:5:      wad_crossroads, layout_cave_pods, nicolae_dithmenos_shadow_blocks,
          minmay_temple_entry_drinking_statues, guppyfry_early_orc_mine,
          uniq_ijyb
D:6:      kennysheep_slugbush, layout_gridville, lemuel_crystal_altar,
          chequers_serial_rivers_room_a, nrook_mini_backslash
D:7:      layout_basic, tgw_xom, mainiacjoe_overflow_small_starburst
D:8:      layout_basic, hangedman_abyss_or_decor_stagger, minmay_the_grid_2x2
          [minmay_the_grid_medium_cups, minmay_the_grid_all_tris,
          minmay_the_grid_minigrid_large, minmay_the_grid_prize_four_corners]
D:9:      layout_irregular_city, lightli_temple_of_fire, nicolae_sextant,
          hangedman_fish_farm, uniq_amaemon, uniq_erica
D:10:     minmay_firetagon, layout_gridville, minmay_lair_entry_grove,
          grunt_decor_cap
Temple:   nicolae_temple_ecumenical_triangle
Lair:1:   layout_cave_pods, chequers_serial_rivers_small_b, grunt_megastairs_2
Lair:2:   layout_hall_layers, hellmonk_spider_entry_not_the_bees,
          portal_ice_cave_entry_pillars_1, st_stairs_10, grunt_megastairs_4,
          lemuel_fruit_tree
Orc:1:    layout_caves, uniq_nergalle
IceCv:    ice_cave_statue_garden_transporter

Skill      XL: |  1  2  3  4  5  6  7  8  9 10 11 12 |
---------------+-------------------------------------+-----
Fighting       | 1 2 5 7 |  7.5
Spellcasting   | 2 3 5 7 9 10 11 | 11.2
Earth Magic    | 7 8 9 10 | 10.0
Conjurations   | 3 5 9 12 14 15 | 15.5
Short Blades   | 1 2 |  2.2
Dodging        | 4 7 |  7.6
Stealth        | |  1.0
Unarmed Combat | |  2.4
Evocations     | |  1.2

Action                   |  1- 3 |  4- 6 |  7- 9 | 10-12 | 13-15 || total
-------------------------+-------+-------+-------+-------+-------++-------
Melee: Dagger            |     4 |       |       |       |       ||     4
       Short sword       |       |    12 |    13 |    43 |    10 ||    78
       Punch             |       |       |     1 |     1 |       ||     2
       Great mace        |       |       |       |    16 |     3 ||    19
 Cast: Sandblast         |    39 |    81 |   103 |    54 |       ||   277
       Stone Arrow       |       |     3 |    25 |   178 |     8 ||   214
       Orb of Destructio |       |       |       |       |     3 ||     3
Evoke: Wand              |       |       |     3 |    18 |       ||    21
  Use: Scroll            |       |       |     3 |    17 |       ||    20
       Potion            |       |       |     1 |     1 |     1 ||     3
 Stab: Invisible         |       |       |       |     1 |       ||     1
Armor: Robe              |     6 |    49 |    22 |    38 |       ||   115
       Steam dragon scal |       |       |       |    33 |    12 ||    45
Dodge: Dodged            |     4 |    33 |    35 |   115 |    17 ||   204
Block: Buckler           |       |       |       |       |     5 ||     5

Table legend: (Time is in decaauts)
 A = Elapsed time spent in this place.
 B = Non-inter-level travel time spent in this place.
 C = Inter-level travel time spent in this place.
 D = Time resting spent in this place.
 E = Time spent auto-exploring this place.
 F = Levels seen in this place.
 G = Mean time per level.
                   A        B        C        D        E       F      G
               +--------+--------+--------+--------+--------+-----+--------+
         Total |   5101 |   4765 |    336 |     21 |   2321 |  15 |  340.1 |
       Dungeon |   4808 |   4481 |    327 |      0 |   2298 |  10 |  480.8 |
        Temple |     20 |     11 |      9 |      0 |      0 |   1 |   20.0 |
          Lair |    158 |    158 |      0 |      0 |     23 |   2 |   79.0 |
  Orcish Mines |      7 |      7 |      0 |      0 |      0 |   1 |    7.0 |
      Ice Cave |    105 |    105 |      0 |     21 |      0 |   1 |  105.0 |
               +--------+--------+--------+--------+--------+-----+--------+

Top non-repeatable levels by time:
     D:8: 883 daAuts
     D:3: 686 daAuts
     D:5: 616 daAuts
     D:4: 556 daAuts
     D:2: 460 daAuts
     D:9: 436 daAuts
    D:10: 405 daAuts
     D:7: 272 daAuts
     D:1: 263 daAuts
     D:6: 227 daAuts
  Lair:1: 125 daAuts
   IceCv: 105 daAuts
  Lair:2: 33 daAuts
  Temple: 20 daAuts
   Orc:1: 7 daAuts
